AoeStats
← harooooo

Four Lakes

507946879Analyzed
1v1 RM · 12d ago on Sep 20, 2026· 30m 34s· 2 players
Game mode
Random Map
Map size
Tiny (2 player)
Population
200
Speed
Normal
Resources
Standard
Victory
Conquest
Starting age
Dark Age
Ending age
Imperial Age
RankedLock teamsTeams togetherTeam positionsShared explorationLock speedFull tech treeHidden civsTurbo modeCheats
Victory
Defeat
🇧🇦 Maya · Bosnia & Herzegovina
1863
+13
🇺🇸 Persians · United States
1788
-13
gh0stwr1ter
7:07 Loom
9:30 Feudal Age
10:17 Double-Bit Axe
12:08 Bloodlines
15:44 Fishing Lines
20:00 Castle Age
19:26 Horse Collar
20:00 Light Cavalry
23:46 Bow Saw
26:57 Fletching
harooooo
0:25 Loom
9:54 Feudal Age
10:28 Fishing Lines
10:43 Double-Bit Axe
19:48 Castle Age
18:17 Scale Mail Armor
18:12 Gold Mining
18:34 Forging
20:01 Eagle Warrior
20:41 Squires
20:57 Chain Mail Armor
22:26 Bow Saw
27:18 Arson
Connection lost

Rejoining the realm…

Still unreachable

The connection could not be restored.

Session expired

The server has moved on; the page needs a fresh start.